 Dungeon Crawl Stone Soup version 0.23.2 (webtiles) character file.

Game seed: 773915706834579724

688 HuneSparrow the Slasher (level 7, 0/61 HPs)
             Began as a Minotaur Fighter on Apr 5, 2019.
             Slain by a worker ant (3 damage)
             ... on level 4 of the Dungeon.
             The game lasted 00:08:54 (3595 turns).

HuneSparrow the Slasher (Minotaur Fighter)          Turns: 3595, Time: 00:08:54

Health: 0/61       AC:  8    Str: 23    XL:     7   Next: 36%
Magic:  0/6        EV:  8    Int:  5    God:
Gold:   179        SH: 10    Dex: 11    Spells: 6/6 levels left

rFire    . . .     SeeInvis .   a - +0 long sword
rCold    . . .     Gourm    .   c - +0 shield
rNeg     . . .     Faith    .   b - +0 scale mail
rPois    .         Spirit   +   (helmet restricted)
rElec    .         Reflect  .   y - scarf {Spirit}
rCorr    .         Harm     .   q - +0 pair of gloves
MR       .....                  (no boots)
Stlth    ..........             (no amulet)
HPRegen  0.20/turn              s - +2 ring of dexterity
MPRegen  0.10/turn              (no ring)

@: flying
A: retaliatory headbutt, horns 2
a: no special abilities


You were on level 4 of the Dungeon.
You were not hungry.

You visited 1 branch of the dungeon, and saw 4 of its levels.

You collected 179 gold pieces.

Inventory:

Hand Weapons
 a - a +0 long sword (weapon)
Armour
 b - a +0 scale mail (worn)
 c - a +0 shield (worn)
 q - a +0 pair of gloves (worn)
 y - a scarf of spirit shield (worn)
Jewellery
 s - a +2 ring of dexterity (left hand)
 u - an uncursed amulet of guardian spirit {unknown}
Wands
 d - a wand of polymorph (10)
 w - a wand of acid (11)
Scrolls
 g - a scroll of random uselessness {unknown}
 h - a scroll of teleportation {unknown}
 j - 4 scrolls of magic mapping {unknown}
 k - 2 scrolls of amnesia {unknown}
 l - 3 scrolls of identify {unknown}
 m - a scroll of enchant armour {unknown}
 n - a scroll of fear {unknown}
 o - 2 scrolls of remove curse {unknown}
Potions
 e - 3 potions of cancellation {unknown}
 i - 3 potions of flight
 p - a potion of berserk rage {unknown}
 r - 3 potions of curing {unknown}
 t - a potion of brilliance {unknown}
 v - 2 potions of agility {unknown}
 z - a potion of resistance {unknown}
Comestibles
 f - 4 rations
 x - 9 chunks of flesh


   Skills:
 + Level 5.3 Fighting
 + Level 6.3 Long Blades
 + Level 5.9 Armour
 + Level 1.8 Dodging
 + Level 5.3 Shields


You had 6 spell levels left.
You didn't know any spells.
Your spell library contained the following spells:

 Spells                   Type           Power        Failure   Level  Hunger
 Magic Dart               Conj           #...         99%         1    ##.....
 Sandblast                Erth           #.....       99%         1    ##.....
 Passwall                 Tmut/Erth      #.......     100%        2    ###....
 Searing Ray              Conj           #.....       100%        2    ###....
 Dazzling Spray           Conj/Hex       #.....       100%        3    ####...
 Stone Arrow              Conj/Erth      #.....       100%        3    ####...
 Force Lance              Conj/Tloc      #.......     100%        4    #####..
 Fulminant Prism          Conj/Hex       #.........   100%        4    #####..
 Iskenderun's Mystic Bla  Conj           #.......     100%        4    #####..
 Petrify                  Tmut/Erth      #.......     100%        4    #####..
 Lee's Rapid Deconstruct  Erth           #.........   100%        5    ######.


Dungeon Overview and Level Annotations

Branches:
Dungeon (4/15)
 Temple: D:4-7

Altars:
Fedhas
Ru
Uskayaw
Xom
The Shining One

Annotations:
D:3 3 runed translucent doors, luab's ghost, amateur GrFi


Innate Abilities, Weirdness & Mutations

You reflexively headbutt those who attack you in melee.
You have a pair of horns on your head.


Message History

* * * LOW HITPOINT WARNING * * *
You barely miss the worker ant. You headbutt the worker ant.
The worker ant is heavily wounded.
The worker ant bites you.
* * * LOW HITPOINT WARNING * * *
The worker ant bites you.
* * * LOW HITPOINT WARNING * * *
You hit the worker ant. Your headbutt misses the worker ant.
The worker ant is severely wounded.
You block the worker ant's attack.
You hit the worker ant but do no damage.
The worker ant is severely wounded.
The worker ant barely misses you.
You riposte.
Your shield prevents you from hitting the worker ant.
The worker ant is severely wounded.
You block the worker ant's attack.
You hit the worker ant.
The worker ant is severely wounded.
The worker ant bites you.
You die...

........
....##....... ..
........
#)............. ...
........
#.............# ...#
........
#.............##...##
........
#...................#
.).##...
#..................#
...##... ##.....
#.<...##....# .....
.......##.!...##....#
.....
.......@a........<..#
.....
.......)....^.......#
>....
....................#
...##
##.......$..........#
...#
#.............)))..#
...+
...........(...)....#
...#
....................#
...#
....................#
...#
#)...........##...##


You could see a worker ant.

Vanquished Creatures
  A phantom (D:4)
  2 ogres
  A centaur (D:4)
  2 orc priests (D:4)
  2 orc wizards
  Natasha (thrice) (D:3)
  7 adders
  An ooze (D:2)
  A worm (D:2)
  2 dart slugs
  2 leopard geckos
  17 orcs
  4 bats
  5 giant cockroaches
  3 goblins
  6 hobgoblins
  3 jackals (D:1)
  5 kobolds
  4 quokkas
  4 frilled lizards (D:1)
  12 rats
87 creatures vanquished.

Notes
Turn   | Place    | Note
-------+----------+-------------------------------------------
     0 | D:1      | HuneSparrow the Minotaur Fighter began the quest for the
                  | Orb.
     0 | D:1      | Reached XP level 1. HP: 19/19 MP: 0/0
   162 | D:1      | Reached XP level 2. HP: 27/27 MP: 1/1
   745 | D:1      | Reached XP level 3. HP: 31/33 MP: 2/2
   808 | D:2      | Reached skill level 3 in Long Blades
  1403 | D:2      | Found a glowing golden altar of the Shining One.
  1564 | D:2      | Reached XP level 4. HP: 38/40 MP: 3/3
  1661 | D:2      | Found a hide-covered altar of Uskayaw.
  1667 | D:2      | Found a sacrificial altar of Ru.
  1726 | D:3      | Noticed Natasha
  1734 | D:3      | Killed Natasha
  1756 | D:3      | Reached skill level 4 in Long Blades
  1946 | D:3      | Found a shimmering altar of Xom.
  1959 | D:3      | Found a shimmering altar of Xom.
  1959 | D:3      | Found a shimmering altar of Xom.
  1960 | D:3      | Found a shimmering altar of Xom.
  1961 | D:3      | Found a shimmering altar of Xom.
  1961 | D:3      | Found a shimmering altar of Xom.
  1968 | D:3      | Reached XP level 5. HP: 42/47 MP: 4/4
  2007 | D:3      | Found a shimmering altar of Xom.
  2041 | D:3      | Noticed Natasha
  2072 | D:3      | Killed Natasha
  2090 | D:3      | Noticed Natasha
  2106 | D:3      | Killed Natasha
  2106 | D:3      | Reached skill level 1 in Dodging
  2523 | D:3      | Noticed luab's ghost (amateur GrFi)
  2547 | D:3      | Found a runed translucent gate.
  2547 | D:3      | Found a runed translucent gate.
  2547 | D:3      | Found a runed translucent gate.
  2653 | D:3      | Noticed an ogre
  2657 | D:3      | Reached skill level 5 in Armour
  2737 | D:2      | Killed an ogre
  2737 | D:2      | Reached skill level 5 in Long Blades
  2737 | D:2      | Reached XP level 6. HP: 29/55 MP: 5/5
  3139 | D:4      | Reached skill level 5 in Fighting
  3368 | D:4      | Found a blossoming altar of Fedhas.
  3392 | D:4      | Reached skill level 5 in Shields
  3553 | D:4      | Reached XP level 7. HP: 54/61 MP: 4/6
  3575 | D:4      | Reached skill level 6 in Long Blades
  3592 | D:4      | HP: 2/61 [worker ant (2)]
  3595 | D:4      | Slain by a worker ant

Skill      XL: |  1  2  3  4  5  6  7 |
---------------+----------------------+-----
Armour         | 4 5 |  5.9
Fighting       | 4 5 |  5.3
Long Blades    | 3 4 5 6 |  6.3
Shields        | 4 5 |  5.3
Dodging        | 1 |  1.8

Action                   |  1- 3 |  4- 6 |  7- 9 || total
-------------------------+-------+-------+-------++-------
Melee: Long sword        |   109 |   106 |    25 ||   240
       Headbutt          |    18 |    20 |     2 ||    40
  Use: Potion            |       |     1 |     1 ||     2
  Eat: Chunk             |     2 |     7 |       ||     9
Armor: Scale mail        |    48 |    39 |    10 ||    97
Dodge: Dodged            |    27 |    42 |    10 ||    79
Block: Shield            |    53 |    49 |    14 ||   116
       Rpst.: Long sword |     5 |     5 |     4 ||    14
